 Dungeon Crawl Stone Soup version 0.29-a0-322-g68df515428 (webtiles) character file.

Game seed: 17156224433657468715

135 flyleaff the Skirmisher (level 4, -4/44 HPs)
             Began as a Draconian Monk on Apr 7, 2022.
             Was a Priest of Trog (penitent).
             Slain by an iguana (12 damage)
             ... on level 4 of the Dungeon.
             The game lasted 00:06:01 (3728 turns).

flyleaff the Skirmisher (Draconian Monk)            Turns: 3728, Time: 00:06:02

Health: -4/44      AC:  5    Str: 15 (16) XL:     4   Next: 97%
Magic:  4/4        EV: 12    Int: 10      God:    Trog [***...]
Gold:   168        SH:  0    Dex: 13      Spells: 3/3 levels left

rFire   . . .      SeeInvis .   a - +1 spear
rCold   . . .      Faith    .   (no shield)
rNeg    . . .      Spirit   .   (body armour unavailable)
rPois   +          Reflect  .   (helmet restricted)
rElec   .          Harm     .   (no cloak)
rCorr   .          Rampage  .   (no gloves)
Will    .....                   (no boots)
Stlth   ++........              (no amulet)
HPRegen 0.14/turn               d - ring of poison resistance
MPRegen 0.09/turn               (no ring)

@: no status effects
A: AC +5, unfitting armour, cold-blooded
a: Renounce Religion


You were on level 4 of the Dungeon.
You worshipped Trog.
Trog was demanding penance.
You visited 1 branch of the dungeon, and saw 4 of its levels.

You collected 168 gold pieces.

Inventory:

Hand Weapons
 a - a +1 spear (weapon)
 h - a +0 trident
Jewellery
 d - a ring of poison resistance (left hand)
Scrolls
 c - a scroll of teleportation
 g - a scroll of fear
 j - a scroll of summoning
Potions
 b - 2 potions of attraction {unknown}
 e - a potion of cancellation
 i - a potion of magic {unknown}


   Skills:
 + Level 6.1 Fighting
 - Level 3.1 Polearms
 - Level 2.9 Dodging
 - Level 1.7 Stealth


You had 3 spell levels left.
You didn't know any spells.
Your spell library contained the following spells:

 Spells                   Type           Power      Damage    Failure   Level
 Call Canine Familiar     Summ           0%         N/A       75%         3
 Portal Projectile        Hex/Tloc       0%         N/A       75%         3
 Leda's Liquefaction      Hex/Erth       0%         N/A       98%         4


Dungeon Overview and Level Annotations

Branches:
Dungeon (4/15)
 Temple: D:4-7

Altars:
Trog
Zin


Innate Abilities, Weirdness & Mutations

Your plain brown scales are hard. (AC +5)
You cannot fit into any form of body armour.
You are cold-blooded and may be slowed by cold attacks.


Message History

The iguana misses you. The goblin barely misses you.
You hit the iguana but do no damage.
The iguana is moderately wounded.
The iguana barely misses you. The goblin hits you with a +0 club.
You hit the iguana.
The iguana is moderately wounded.
The iguana bites you. The goblin hits you but does no damage.
You hit the iguana but do no damage.
The iguana is moderately wounded.
The iguana bites you! The goblin hits you with a +0 club.
You hit the iguana. You tail-slap the iguana.
The iguana is heavily wounded.
The goblin closely misses you. The iguana closely misses you.
You hit the iguana but do no damage.
The iguana is heavily wounded.
The iguana bites you! The goblin hits you but does no damage.
You are too injured to fight recklessly!
You are too injured to fight recklessly!
You are too injured to fight recklessly!
The goblin attacks as you move away! The goblin closely misses you.
The iguana attacks as you move away! The iguana closely misses you.
You see here a black potion.
b - 2 black potions (gained 1)
The goblin barely misses you. The iguana closely misses you.
The iguana attacks as you move away! The iguana bites you.
The iguana attacks as you move away! The iguana completely misses you.
Things that are here:
a +0 trident; a +0 ring mail; an orc skeleton
h - a +0 trident The goblin hits you with a +0 club.
* * * LOW HITPOINT WARNING * * *
The iguana barely misses you.
You feel better. The iguana barely misses you.
The goblin hits you with a +0 club. The goblin attacks as you move away!
The goblin hits you but does no damage. The iguana bites you.
* * * LOW HITPOINT WARNING * * *
The goblin barely misses you. The iguana attacks as you move away!
The iguana bites you!
You die...

#<.# ..... #.## #..
.... #.# #.# ...#
#.# #<# ...#
#.####.### ...#
##.#....... ...#
#.......# ##...##.#
#......(###........
#..@g.............(
#...lw......##.#[..
#...[...#...# # .
#............#
#..............
###....#.....#..
#.#........####
#....#.....#
####.#.....#


You could see an iguana, a dart slug and a goblin.

Vanquished Creatures
  Robin (D:2)
  5 adders
  3 worms
  A dart slug (D:2)
  An orc (D:4)
  5 ball pythons
  2 endoplasms
  3 giant cockroaches
  16 goblins
  8 hobgoblins
  6 jackals
  2 quokkas
  2 bats
  A frilled lizard (D:2)
  6 kobolds
  A rat (D:3)
63 creatures vanquished.

Notes
Turn   | Place    | Note
-------+----------+-------------------------------------------
     0 | D:1      | flyleaff the Draconian Monk began the quest for the Orb.
     0 | D:1      | Reached XP level 1. HP: 19/19 MP: 1/1
   344 | D:1      | Reached XP level 2. HP: 21/26 MP: 2/2
  1112 | D:1      | Reached skill level 4 in Fighting
  1142 | D:2      | Found a faded altar of an unknown god.
  1145 | D:2      | Prayed at the altar of an unknown god.
  1145 | D:2      | Became a worshipper of Trog the Wrathful
  1145 | D:2      | Reached * piety under Trog
  1145 | D:2      | Reached ** piety under Trog
  1228 | D:2      | Noticed Robin
  1241 | D:2      | Reached *** piety under Trog
  1245 | D:2      | Reached XP level 3. HP: 20/34 MP: 3/3
  1287 | D:2      | Killed Robin
  1297 | D:2      | Reached skill level 5 in Fighting
  1884 | D:2      | Reached XP level 4. HP: 34/42 MP: 4/4
  2036 | D:2      | Found a glowing silver altar of Zin.
  2603 | D:3      | Was placed under penance by Trog
  2607 | D:3      | Learned a level 3 spell: Portal Projectile
  3373 | D:3      | Reached skill level 6 in Fighting
  3728 | D:4      | Slain by an iguana

Illustrated notes

Levels and vault maps discovered:
D:1:      dpeg_arrival_rooms_c, layout_loops_corners, roderic_three_in_a_row
D:2:      minmay_diamond_boxcup, layout_basic, basic_altar,
          nicolae_ecumenical_pavilion, grunt_decor_mini_mirrors, uniq_robin
D:3:      layout_loops_ring
D:4:      layout_loops_ring, minmay_temple_entry_fiery

Skill      XL: |  1  2  3  4 |
---------------+-------------+-----
Fighting       | 4 5 6 |  6.1
Polearms       | |  3.1
Dodging        | |  2.9
Stealth        | |  1.7

Action                   |  1- 3 |  4- 6 || total
-------------------------+-------+-------++-------
Melee: Spear             |   162 |   137 ||   299
       Tailslap          |    19 |    10 ||    29
       Punch             |     1 |       ||     1
  Use: Scroll            |     7 |     3 ||    10
       Potion            |     2 |     1 ||     3
 Stab: Sleeping          |     7 |     3 ||    10
Armor: Skin              |    37 |    37 ||    74
Dodge: Dodged            |    79 |    78 ||   157

Table legend: (Time is in decaauts)
 A = Elapsed time spent in this place.
 B = Non-inter-level travel time spent in this place.
 C = Inter-level travel time spent in this place.
 D = Time resting spent in this place.
 E = Time spent auto-exploring this place.
 F = Levels seen in this place.
 G = Mean time per level.
                   A        B        C        D        E       F      G
               +--------+--------+--------+--------+--------+-----+--------+
         Total |   3709 |   3667 |     42 |      0 |   3131 |   4 |  927.2 |
       Dungeon |   3709 |   3667 |     42 |      0 |   3131 |   4 |  927.2 |
               +--------+--------+--------+--------+--------+-----+--------+

Top non-repeatable levels by time:
     D:2: 1445 daAuts
     D:1: 1138 daAuts
     D:3: 829 daAuts
     D:4: 296 daAuts
